 Dungeon Crawl Stone Soup version 0.20-a0-1036-g4d371cd (webtiles) character file.

167 Rrauwl the Sneak (level 5, -1/44 HPs)
             Began as a Formicid Monk on Apr 22, 2017.
             Slain by Grinder (6 damage)
             ... on level 3 of the Dungeon.
             The game lasted 00:10:38 (2273 turns).

Rrauwl the Sneak (Formicid Monk)                    Turns: 2273, Time: 00:10:39

Health: -1/44      AC:  8    Str: 21    XL:     5   Next: 76%
Magic:  4/4        EV:  8    Int: 10    God:
Gold:   88         SH:  9    Dex: 15    Spells: 4/4 levels left

rFire    + . .     SeeInvis +   A - +1 dagger (venom)
rCold    + . .     Gourm    .   k - +0 shield
rNeg     . . .     Faith    .   w - +0 chain mail
rPois    +         Spirit   .   (helmet unavailable)
rElec    +         Reflect  .   (no cloak)
rCorr    +         Harm     .   (no gloves)
MR       .....     Clarity  +   (no boots)
Stlth    ..........             (no amulet)
Regen    0.2/turn               s - ring of resist corrosion
MPRegen  0.1/turn               (no ring)

@: mighty, resistant, flying
A: permanent stasis, dig shafts and tunnels, four strong arms, antennae 3, agile
1, clarity, low mp 1
a: Dig, Shaft Self


You were on level 3 of the Dungeon.
You were not hungry.

You visited 1 branch of the dungeon, and saw 3 of its levels.

You collected 88 gold pieces.

Inventory:

Hand Weapons
 A - a +1 dagger of venom (weapon)
Missiles
 j - 95 bolts
Armour
 k - a +0 shield (worn)
 w - a +0 chain mail (worn)
Jewellery
 s - a ring of resist corrosion (left hand)
Wands
 z - a wand of iceblast (9/15)
Scrolls
 c - 2 scrolls of remove curse
 e - 6 scrolls of identify
 g - a scroll of enchant weapon {unknown}
 h - 2 scrolls of amnesia {unknown}
 m - a scroll of enchant armour {unknown}
 n - a scroll of fog {unknown}
 u - a scroll of teleportation {unknown}
 y - a scroll of magic mapping {unknown}
Potions
 l - a potion of mutation
 x - a potion of magic
Comestibles
 b - 2 bread rations
 f - 2 meat rations
 i - a royal jelly
 q - 3 chunks of flesh
 t - 2 fruits


   Skills:
 - Level 5.0 Fighting
 + Level 1.9 Armour
 + Level 5.0 Dodging
 - Level 5.0 Stealth
 + Level 1.6 Shields


You had 4 spell levels left.
You didn't know any spells.

Dungeon Overview and Level Annotations

Branches:
Dungeon (3/15)

Altars:

Annotations:
D:3 Grinder


Innate Abilities, Weirdness & Mutations

You cannot be hasted, slowed, berserked, paralysed or teleported.
You can dig through walls and to a lower floor.
Your four strong arms can wield two-handed weapons with a shield.
You have a pair of large antennae on your head. (SInv)
You are agile. (Dex +2)
You possess an exceptional clarity of mind.
Your magical capacity is low. (-10% MP)


Message History

Grinder is lightly wounded.
Grinder hits you.
* * * LOW HITPOINT WARNING * * *
You writhe in agony.
* * * LOW HITPOINT WARNING * * *
Unknown command.
As you read the scroll labeled EREADGH SYAMUPI, it crumbles to dust.
You feel blessed for a moment.
It was a scroll of remove curse.
Grinder barely misses you.
You closely miss Grinder.
Grinder is moderately wounded.
Grinder blinks!
Okay, then.
You feel very mighty all of a sudden.
You hit Grinder.
Grinder looks even sicker.
Grinder is heavily wounded.
Grinder hits you.
* * * LOW HITPOINT WARNING * * *
You writhe in agony.
You die...

..................####
................#..#
#.########.........#..###
..........<..............
.####.).#.....######..##
.........................
.....#...##.#########...#
..........#... .# ##..#
.....#.5@######.## #..#
.....###..()()...# ##..
.... #####.....# #.. ...
#.....# ##. #.....# #.
#.....# #. ..##### ####
...# #... g...# #...


You could see Grinder.

Vanquished Creatures
  An orc wizard (D:3)
  Ijyb (D:3)
  5 adders
  A worm (D:2)
  A dart slug (D:1)
  2 leopard geckos (D:1)
  8 orcs
  A ball python (D:1)
  5 bats
  2 goblins (D:3)
  5 hobgoblins
  10 jackals
  5 kobolds
  5 frilled lizards
  4 rats
56 creatures vanquished.

Notes
Turn   | Place    | Note
-------+----------+-------------------------------------------
     0 | D:1      | Rrauwl the Formicid Monk began the quest for the Orb.
     0 | D:1      | Reached XP level 1. HP: 20/20 MP: 1/1
    64 | D:1      | Reached skill level 5 in Stealth
    72 | D:1      | Reached XP level 2. HP: 24/26 MP: 2/2
   398 | D:1      | Reached XP level 3. HP: 31/31 MP: 3/3
   849 | D:2      | Reached skill level 5 in Fighting
   974 | D:2      | Reached XP level 4. HP: 22/39 MP: 4/4
  1863 | D:3      | Reached skill level 1 in Armour
  1863 | D:3      | Reached XP level 5. HP: 43/44 MP: 5/5
  1913 | D:3      | Reached skill level 1 in Shields
  2092 | D:3      | Noticed Ijyb
  2096 | D:3      | Noticed Grinder
  2107 | D:3      | Killed Ijyb
  2184 | D:3      | Reached skill level 5 in Dodging
  2251 | D:3      | Gained mutation: You are agile. (Dex +2) [potion of mutation]
  2251 | D:3      | Gained mutation: Your magical capacity is low. (-10% MP) [potion of mutation]
  2251 | D:3      | Gained mutation: You possess an exceptional clarity of mind. [potion of mutation]
  2273 | D:3      | Slain by Grinder

Vault maps used:
D:1:      saegor_arrival_simple_a, minivault_14,
          hangedman_abyss_or_decor_lesser_grid
D:2:      first_bread, item_on_display_a
D:3:      uniq_grinder, uniq_ijyb

Skill      XL: |  1  2  3  4  5 |
---------------+----------------+-----
Stealth        | 5 |  5.0
Dodging        | 4 5 |  5.0
Fighting       | 5 |  5.0
Armour         | 1 |  1.9
Shields        | 1 |  1.6

Action                   |  1- 3 |  4- 6 || total
-------------------------+-------+-------++-------
Melee: Club              |    36 |       ||    36
       Dagger            |   101 |    41 ||   142
       Mace              |       |    85 ||    85
  Use: Potion            |       |     8 ||     8
       Scroll            |       |     2 ||     2
 Stab: Sleeping          |     8 |     2 ||    10
  Eat: Chunk             |       |     5 ||     5
Armor: Robe              |    31 |     9 ||    40
       Chain mail        |       |    40 ||    40
Dodge: Dodged            |    90 |    32 ||   122
Block: Shield            |    22 |    43 ||    65
